| TOP OF THE 1ST |
|
Bend Bandits batting - Pitching for Renton Wrecks : RHP Jeff Bettendorf
|
|
Pitching: RHP Jeff Bettendorf
|
|
|
Batting: LHB Chris Baird
|
0-0: Ball 1-0: Foul Ball, location: 2F 1-1: Ground out 4-3 (Groundball, 4, EV 97.5 MPH)
|
|
Batting: RHB Johnny Barnette
|
0-0: Ball 1-0: Foul Ball, location: 2F 1-1: Called Strike 1-2: Ball 2-2: Strikes out swinging
|
|
Batting: RHB Kevin Romine
|
0-0: Called Strike 0-1: Ball 1-1: Foul Ball, location: 2F 1-2: Ball 2-2: Ball 3-2: Base on Balls
|
|
Batting: LHB Darcy Walker
|
0-0: Ball 1-0: Foul Ball, location: 2F 1-1: Called Strike 1-2: Ball 2-2: SINGLE (Groundball, 4MD, EV 102.5 MPH) Kevin Romine to second
|
|
Batting: RHB Jeff Doerr
|
0-0: Foul Ball, location: 2F 0-1: Ball 1-1: Foul Ball, location: 2F 1-2: Foul Ball, location: 2F 1-2: Ball 2-2: Fielders Choice at 2nd, U4 (Groundball, 4M, EV 88.1 MPH)
|
| Top of the 1st over - 0 runs, 1 hit, 0 errors, 2 left on base; Bend 0 - Renton 0 |
| BOTTOM OF THE 1ST |
|
Renton Wrecks batting - Pitching for Bend Bandits : RHP Joe Stalp
|
|
Pitching: RHP Joe Stalp
|
|
|
Batting: RHB Rolando Pino
|
0-0: Ball 1-0: Ball 2-0: SINGLE (Groundball, 6MD, EV 101.3 MPH)
|
|
Batting: LHB Troy Thomas
|
0-0: Foul Ball, location: 2F 0-1: Ball 1-1: Fielders Choice at 2nd, 6-4 (Groundball, 6, EV 104.4 MPH)
|
|
Batting: RHB Luis Gomez
|
0-0: Called Strike 0-1: Ball 1-1: SINGLE (Line Drive, 78M, EV 90.6 MPH) Troy Thomas to second
|
|
Batting: RHB Stan Holmes
|
0-0: Ball 1-0: Ball 2-0: Called Strike 2-1: Fly out, F9 (Flyball, 89D, EV 108.8 MPH)
|
|
Batting: RHB Andrew Pratt
|
0-0: Called Strike 0-1: Swinging Strike 0-2: Ball 1-2: Foul Ball, location: 2F 1-2: Ball 2-2: Ball 3-2: Fly out, F8 (Flyball, 89D, EV 100.6 MPH)
|
| Bottom of the 1st over - 0 runs, 2 hits, 0 errors, 2 left on base; Bend 0 - Renton 0 |
| TOP OF THE 2ND |
|
Bend Bandits batting - Pitching for Renton Wrecks : RHP Jeff Bettendorf
|
|
Batting: LHB Barry Houston
|
0-0: Ball 1-0: Ball 2-0: Ball 3-0: Called Strike 3-1: Fly out, F7 (Line Drive, 7, EV 104.4 MPH)
|
|
Batting: RHB Trajano Estrela
|
0-0: Ball 1-0: Called Strike 1-1: Foul Ball, location: 2F 1-2: Fly out, F9 (Flyball, 9D, EV 97.5 MPH)
|
|
Batting: RHB Rick Austin
|
0-0: Called Strike 0-1: Fly out, F6 (Popup, 4M, EV 56.3 MPH)
|
| Top of the 2nd over - 0 runs, 0 hits, 0 errors, 0 left on base; Bend 0 - Renton 0 |
| BOTTOM OF THE 2ND |
|
Renton Wrecks batting - Pitching for Bend Bandits : RHP Joe Stalp
|
|
Batting: SHB Ethan Charles
|
0-0: Ball 1-0: Ball 2-0: Foul Ball, location: 2F 2-1: SINGLE (Line Drive, 78S, EV 89.4 MPH)
|
|
Batting: LHB Paul Thoutsis
|
0-0: Called Strike 0-1: SINGLE (Groundball, 56D, EV 95.0 MPH) Ethan Charles to second
|
|
Batting: RHB Frank Garcia
|
0-0: Grounds into double play, 5-4-3 (Groundball, 56S, EV 86.3 MPH) Ethan Charles to third
|
|
Batting: LHB Christian Bryeans
|
0-0: DOUBLE (Line Drive, 3D, EV 98.1 MPH) Ethan Charles scores
|
|
Batting: RHB Rolando Pino
|
0-0: Called Strike 0-1: Ball 1-1: Ball 2-1: Foul Ball, location: 2F 2-2: Ball 3-2: Base on Balls
|
|
Batting: LHB Troy Thomas
|
0-0: Called Strike 0-1: Ball 1-1: DOUBLE (Flyball, 8RXD, EV 96.3 MPH) Christian Bryeans scores Rolando Pino to third Runner from 3rd tries for Home, SAFE, throw by CF to trailing runner, OUT at third! 8-3-5
|
| Bottom of the 2nd over - 3 runs, 4 hits, 0 errors, 0 left on base; Bend 0 - Renton 3 |
| TOP OF THE 3RD |
|
Bend Bandits batting - Pitching for Renton Wrecks : RHP Jeff Bettendorf
|
|
Batting: RHB Jeffrey Thompson
|
0-0: Called Strike 0-1: Foul Ball, location: 2F 0-2: Ball 1-2: Foul Ball, location: 2F 1-2: Foul Ball, location: 2F 1-2: Strikes out looking
|
|
Batting: LHB Chris Baird
|
0-0: DOUBLE (Line Drive, 78D, EV 100.0 MPH)
|
|
Batting: RHB Johnny Barnette
|
0-0: Ground out 6-3 (Groundball, 6, EV 108.1 MPH)
|
|
Batting: RHB Kevin Romine
|
0-0: Ball 1-0: Ball 2-0: Swinging Strike 2-1: Swinging Strike 2-2: Ball 3-2: Strikes out swinging, 2-3 out at first.
|
| Top of the 3rd over - 0 runs, 1 hit, 0 errors, 1 left on base; Bend 0 - Renton 3 |
| BOTTOM OF THE 3RD |
|
Renton Wrecks batting - Pitching for Bend Bandits : RHP Joe Stalp
|
|
Batting: RHB Luis Gomez
|
0-0: Ground out 4-3 (Groundball, 4, EV 87.5 MPH)
|
|
Batting: RHB Stan Holmes
|
0-0: Called Strike 0-1: Foul Ball, location: 2F 0-2: Ball 1-2: Strikes out looking
|
|
Batting: RHB Andrew Pratt
|
0-0: Called Strike 0-1: Ball 1-1: Swinging Strike 1-2: Foul Ball, location: 2F 1-2: Fly out, F3 (Flyball, 3D, EV 75.6 MPH)
|
| Bottom of the 3rd over - 0 runs, 0 hits, 0 errors, 0 left on base; Bend 0 - Renton 3 |
| TOP OF THE 4TH |
|
Bend Bandits batting - Pitching for Renton Wrecks : RHP Jeff Bettendorf
|
|
Batting: LHB Darcy Walker
|
0-0: Called Strike 0-1: SINGLE (Groundball, 4MD, EV 101.9 MPH)
|
|
Batting: RHB Jeff Doerr
|
0-0: Ball Wild Pitch! Darcy Walker to second 1-0: Foul Ball, location: 2F 1-1: Swinging Strike 1-2: Foul Ball, location: 2F 1-2: Fly out, F9 (Flyball, 9, EV 83.1 MPH)
|
|
Batting: LHB Barry Houston
|
0-0: Ball 1-0: Ball 2-0: Fly out, F8 (Flyball, 8RS, EV 85.6 MPH)
|
|
Batting: RHB Trajano Estrela
|
0-0: Fly out, F9 (Flyball, 89S, EV 75.6 MPH)
|
| Top of the 4th over - 0 runs, 1 hit, 0 errors, 1 left on base; Bend 0 - Renton 3 |
| BOTTOM OF THE 4TH |
|
Renton Wrecks batting - Pitching for Bend Bandits : RHP Joe Stalp
|
|
Batting: SHB Ethan Charles
|
0-0: Ball 1-0: Ground out 6-3 (Groundball, 56D, EV 110.0 MPH)
|
|
Batting: LHB Paul Thoutsis
|
0-0: Ball 1-0: Ball 2-0: Ball 3-0: Base on Balls
|
|
Batting: RHB Frank Garcia
|
0-0: Ball 1-0: Foul Ball, location: 2F 1-1: Grounds into double play, 6-4-3 (Groundball, 56, EV 93.1 MPH)
|
| Bottom of the 4th over - 0 runs, 0 hits, 0 errors, 0 left on base; Bend 0 - Renton 3 |
| TOP OF THE 5TH |
|
Bend Bandits batting - Pitching for Renton Wrecks : RHP Jeff Bettendorf
|
|
Batting: RHB Rick Austin
|
0-0: Ball 1-0: Ball 2-0: Called Strike 2-1: Swinging Strike 2-2: Ball 3-2: Ground out 6-3 (Groundball, 6, EV 78.8 MPH)
|
|
Batting: RHB Jeffrey Thompson
|
0-0: Called Strike 0-1: Foul Ball, location: 2F 0-2: Ball 1-2: Foul Ball, location: 2F 1-2: Ball 2-2: Ball 3-2: Foul Ball, location: 2F 3-2: Foul Ball, location: 2F 3-2: Base on Balls
|
|
Batting: LHB Chris Baird
|
0-0: Swinging Strike 0-1: Ball 1-1: Ball 2-1: Foul Ball, location: 2F 2-2: Strikes out swinging
|
|
Batting: RHB Johnny Barnette
|
0-0: Ball 1-0: Called Strike 1-1: Ball Wild Pitch! Jeffrey Thompson to second 2-1: Called Strike 2-2: Strikes out looking
|
| Top of the 5th over - 0 runs, 0 hits, 0 errors, 1 left on base; Bend 0 - Renton 3 |
| BOTTOM OF THE 5TH |
|
Renton Wrecks batting - Pitching for Bend Bandits : RHP Joe Stalp
|
|
Batting: LHB Christian Bryeans
|
0-0: Swinging Strike 0-1: Ball 1-1: Ground out 4-3 (Groundball, 4, EV 103.1 MPH)
|
|
Batting: RHB Rolando Pino
|
0-0: Foul Ball, location: 2F 0-1: Called Strike 0-2: Strikes out swinging
|
|
Batting: LHB Troy Thomas
|
0-0: Called Strike 0-1: Ball 1-1: SINGLE (Groundball, 34D, EV 101.9 MPH)
|
|
Batting: RHB Luis Gomez
|
0-0: Called Strike 0-1: Fielders Choice at 2nd, 6-4 (Groundball, 6, EV 98.8 MPH)
|
| Bottom of the 5th over - 0 runs, 1 hit, 0 errors, 1 left on base; Bend 0 - Renton 3 |
| TOP OF THE 6TH |
|
Bend Bandits batting - Pitching for Renton Wrecks : RHP Jeff Bettendorf
|
|
Batting: RHB Kevin Romine
|
0-0: Ball 1-0: Foul Ball, location: 2F 1-1: Ball 2-1: Hit by Pitch
|
|
Batting: LHB Darcy Walker
|
0-0: Ball 1-0: Ball 2-0: Swinging Strike 2-1: Ball 3-1: Foul Ball, location: 2F 3-2: Foul Ball, location: 2F 3-2: Foul Ball, location: 2F 3-2: Foul Ball, location: 2F 3-2: Base on Balls Kevin Romine to second
|
|
Batting: RHB Jeff Doerr
|
0-0: Ball 1-0: Ball 2-0: Ball 3-0: Called Strike 3-1: Base on Balls Kevin Romine to third Darcy Walker to second
|
|
Batting: LHB Barry Houston
|
0-0: Called Strike 0-1: Ball 1-1: Ball 2-1: Called Strike 2-2: Foul Ball, location: 2F 2-2: SINGLE (Flyball, 6MD, EV 96.9 MPH) Kevin Romine scores Darcy Walker to third Jeff Doerr to second Runner from 3rd tries for Home, SAFE, throw by CF to home
|
|
Batting: RHB Trajano Estrela
|
0-0: Swinging Strike 0-1: Ball 1-1: Bunted foul 1-2: Fielders Choice at 2nd, 6-4 (Groundball, 56, EV 99.4 MPH) Jeff Doerr to third
|
|
Batting: RHB Rick Austin
|
0-0: Ball 1-0: Called Strike 1-1: Fielders Choice at 2nd, 6-4 (Groundball, 56, EV 84.4 MPH) Jeff Doerr scores
|
|
Batting: RHB Jeffrey Thompson
|
0-0: Called Strike 0-1: Ball Rick Austin is caught stealing 2nd base 2-4
|
| Top of the 6th over - 3 runs, 1 hit, 0 errors, 0 left on base; Bend 3 - Renton 3 |
| BOTTOM OF THE 6TH |
|
Renton Wrecks batting - Pitching for Bend Bandits : RHP Joe Stalp
|
|
Batting: RHB Stan Holmes
|
0-0: Called Strike 0-1: Foul Ball, location: 2F 0-2: Strikes out swinging
|
|
Batting: RHB Andrew Pratt
|
0-0: Ball 1-0: Swinging Strike 1-1: SINGLE (Flyball, 8RS, EV 97.5 MPH)
|
|
Batting: SHB Ethan Charles
|
0-0: Ball 1-0: Foul Ball, location: 2F 1-1: Swinging Strike 1-2: Strikes out looking
|
|
Batting: LHB Paul Thoutsis
|
0-0: Ball 1-0: Ball 2-0: Reached on error, E5 (Groundball, 5L, EV 83.8 MPH) Andrew Pratt to second
|
|
Batting: RHB Frank Garcia
|
0-0: Ball 1-0: Swinging Strike 1-1: Called Strike 1-2: Strikes out swinging
|
| Bottom of the 6th over - 0 runs, 1 hit, 1 error, 2 left on base; Bend 3 - Renton 3 |
| TOP OF THE 7TH |
|
Bend Bandits batting - Pitching for Renton Wrecks : RHP Jeff Bettendorf
|
|
Batting: RHB Jeffrey Thompson
|
0-0: Reached via error on a dropped throw from 3B, E3 (Groundball, 5, EV 86.9 MPH)
|
|
Batting: LHB Chris Baird
|
0-0: Ball 1-0: Foul Ball, location: 2F 1-1: Called Strike 1-2: SINGLE (Line Drive, 4MD, EV 97.5 MPH) Jeffrey Thompson to second Runner from 2nd tries for 3rd, OUT! 8-5
|
|
Batting: RHB Johnny Barnette
|
0-0: Ball 1-0: Ball 2-0: SINGLE (Groundball, 6MD, EV 108.1 MPH) Chris Baird to second Runner from 2nd tries for 3rd, OUT! 8-5 Johnny Barnette to second
|
|
Batting: RHB Kevin Romine
|
0-0: Ball 1-0: Ball 2-0: Ball 3-0: Called Strike 3-1: Ground out 5-3 (Groundball, 56S, EV 75.6 MPH)
|
| Top of the 7th over - 0 runs, 2 hits, 1 error, 1 left on base; Bend 3 - Renton 3 |
| BOTTOM OF THE 7TH |
|
Renton Wrecks batting - Pitching for Bend Bandits : RHP Joe Stalp
|
|
Batting: LHB Christian Bryeans
|
0-0: Ground out 4-3 (Groundball, 34, EV 85.0 MPH)
|
|
Batting: RHB Rolando Pino
|
0-0: Called Strike 0-1: SINGLE (Line Drive, 89S, EV 91.9 MPH)
|
|
Batting: LHB Troy Thomas
|
0-0: Ball 1-0: Foul Ball, location: 2F 1-1: Ball Rolando Pino steals 2nd base (no throw) 2-1: Reached on error, E6 (Groundball, 6M, EV 103.1 MPH) Rolando Pino to third
|
|
Batting: RHB Luis Gomez
|
0-0: Ball 1-0: Called Strike Troy Thomas steals 2nd base 1-1: Swinging Strike 1-2: Foul Ball, location: 2F 1-2: Foul Ball, location: 2F 1-2: Ball 2-2: Foul Ball, location: 2F 2-2: Strikes out swinging
|
|
Batting: RHB Stan Holmes
|
0-0: Reached on error, E4 (Groundball, 4, EV 102.5 MPH) Rolando Pino scores Troy Thomas to third
|
|
Batting: RHB Andrew Pratt
|
0-0: Called Strike 0-1: Ground out 6-3 (Groundball, P, EV 80.6 MPH)
|
| Bottom of the 7th over - 1 run, 1 hit, 2 errors, 2 left on base; Bend 3 - Renton 4 |
| TOP OF THE 8TH |
|
Bend Bandits batting - Pitching for Renton Wrecks : RHP Jeff Bettendorf
|
|
Batting: LHB Darcy Walker
|
0-0: Called Strike 0-1: Ball 1-1: Called Strike 1-2: Ball 2-2: Ball 3-2: Base on Balls
|
|
Batting: RHB Jeff Doerr
|
0-0: Called Strike 0-1: Ball 1-1: Ball 2-1: Grounds into double play, 6-4-3 (Groundball, 6, EV 85.0 MPH)
|
|
Batting: LHB Barry Houston
|
0-0: Ball 1-0: Foul Ball, location: 2F 1-1: SINGLE (Flyball, 8LS, EV 85.0 MPH)
|
|
Pitching: RHP Mark Bersano
|
|
|
Pinch Hitting: LHB Jim Riggs
|
0-0: Ball 1-0: Ball 2-0: Ball 3-0: Base on Balls Barry Houston to second
|
|
Batting: RHB Rick Austin
|
0-0: Called Strike 0-1: Fly out, F7 (Flyball, 7D, EV 82.5 MPH)
|
| Top of the 8th over - 0 runs, 1 hit, 0 errors, 2 left on base; Bend 3 - Renton 4 |
| BOTTOM OF THE 8TH |
|
Renton Wrecks batting - Pitching for Bend Bandits : RHP Joe Stalp
|
|
Now at 2B: Jim Thomas
|
|
|
Batting: SHB Ethan Charles
|
0-0: Fly out, F2 (Popup, 25F, EV 88.8 MPH)
|
|
Batting: LHB Paul Thoutsis
|
0-0: Ball 1-0: Swinging Strike 1-1: Swinging Strike 1-2: Strikes out looking
|
|
Batting: RHB Frank Garcia
|
0-0: Ball 1-0: Ball 2-0: SINGLE (Flyball, 78S, EV 94.4 MPH)
|
|
Batting: LHB Christian Bryeans
|
0-0: Ball 1-0: Ball 2-0: Fly out, F7 (Line Drive, 7D, EV 85.0 MPH)
|
| Bottom of the 8th over - 0 runs, 1 hit, 0 errors, 1 left on base; Bend 3 - Renton 4 |
| TOP OF THE 9TH |
|
Bend Bandits batting - Pitching for Renton Wrecks : RHP Mark Bersano
|
|
Now in LF: Ron DeLucchi
|
|
|
Batting: RHB Jeffrey Thompson
|
0-0: Ground out 6-3 (Groundball, 56, EV 93.1 MPH)
|
|
Batting: LHB Chris Baird
|
0-0: Ball 1-0: Foul Ball, location: 2F 1-1: Swinging Strike 1-2: SINGLE (Flyball, 8RS, EV 93.8 MPH)
|
|
Batting: RHB Johnny Barnette
|
0-0: Foul Ball, location: 2F 0-1: Ball 1-1: Ball 2-1: SINGLE (Line Drive, 89S, EV 103.8 MPH) Chris Baird to second
|
|
Batting: RHB Kevin Romine
|
0-0: Called Strike 0-1: Swinging Strike 0-2: Ball 1-2: Ball 2-2: Foul Ball, location: 2F 2-2: Foul Ball, location: 2F 2-2: Strikes out swinging
|
|
Batting: LHB Darcy Walker
|
0-0: Foul Ball, location: 2F 0-1: Swinging Strike 0-2: Foul Ball, location: 2F 0-2: Foul Ball, location: 2F 0-2: SINGLE (Groundball, 5D, EV 100.0 MPH) Chris Baird to third Johnny Barnette to second Runner from 3rd tries for Home, SAFE, throw by LF to home
|
|
Batting: RHB Jeff Doerr
|
0-0: Ball 1-0: Called Strike 1-1: Fly out, F4 (Flyball, 34D, EV 94.4 MPH)
|
| Top of the 9th over - 1 run, 3 hits, 0 errors, 2 left on base; Bend 4 - Renton 4 |
| BOTTOM OF THE 9TH |
|
Renton Wrecks batting - Pitching for Bend Bandits : RHP Joe Stalp
|
|
Batting: RHB Rolando Pino
|
0-0: Called Strike 0-1: Foul Ball, location: 2F 0-2: SINGLE (Line Drive, 56, EV 97.5 MPH)
|
|
Batting: LHB Troy Thomas
|
0-0: Called Strike 0-1: Swinging Strike 0-2: Grounds into double play, 6-4-3 (Groundball, 6, EV 101.9 MPH)
|
|
Batting: RHB Luis Gomez
|
0-0: SINGLE (Flyball, 3D, EV 80.6 MPH)
|
|
Pitching: LHP James Canavan
|
|
|
Batting: RHB Stan Holmes
|
0-0: Called Strike 0-1: Ball Wild Pitch! Luis Gomez to second 1-1: Called Strike 1-2: Strikes out swinging
|
| Bottom of the 9th over - 0 runs, 2 hits, 0 errors, 1 left on base; Bend 4 - Renton 4 |
| TOP OF THE 10TH |
|
Bend Bandits batting - Pitching for Renton Wrecks : RHP Mark Bersano
|
|
Pitching: RHP Keith Walsh
|
|
|
Batting: LHB Barry Houston
|
0-0: Ball 1-0: Ball 2-0: Ball 3-0: Base on Balls
|
|
Batting: SHB Jim Thomas
|
0-0: Ball 1-0: Bunt missed! 1-1: Ball 2-1: Ball 3-1: Bunted foul 3-2: Strikes out swinging Barry Houston is caught stealing 2nd base 2-6 Batter strikes out.
|
|
Batting: RHB Rick Austin
|
0-0: Called Strike 0-1: Fly out, F7 (Flyball, 7, EV 88.8 MPH)
|
| Top of the 10th over - 0 runs, 0 hits, 0 errors, 0 left on base; Bend 4 - Renton 4 |
| BOTTOM OF THE 10TH |
|
Renton Wrecks batting - Pitching for Bend Bandits : LHP James Canavan
|
|
Pitching: RHP Craig Bricker
|
|
|
Batting: RHB Andrew Pratt
|
0-0: Ball 1-0: Ground out 6-3 (Groundball, 56, EV 84.4 MPH)
|
|
Batting: SHB Ethan Charles
|
0-0: Ball 1-0: Swinging Strike 1-1: Swinging Strike 1-2: Ball 2-2: Strikes out swinging
|
|
Pinch Hitting: RHB Jose Leiva
|
0-0: Called Strike 0-1: Ball 1-1: Foul Ball, location: 2F 1-2: Ball 2-2: Foul Ball, location: 2F 2-2: Ball 3-2: Base on Balls
|
|
Batting: RHB Frank Garcia
|
0-0: Ball 1-0: SINGLE (Groundball, 6MD, EV 99.4 MPH) Jose Leiva to second Runner from 2nd tries for 3rd, SAFE, no throw by CF
|
|
Batting: LHB Christian Bryeans
|
0-0: Ball 1-0: Called Strike 1-1: Called Strike 1-2: Ball 2-2: Foul Ball, location: 2F 2-2: Foul Ball, location: 2F 2-2: SINGLE (Flyball, 56D, EV 90.0 MPH) Jose Leiva scores
|
| Bottom of the 10th over - 1 run, 2 hits, 0 errors, 0 left on base; Bend 4 - Renton 5 |
|